 Dungeon Crawl Stone Soup version 0.28-a0-1087-gf3fc490d9d (webtiles) character file.

Game seed: 13917085909324246530

120 spaghetti the Chopper (level 4, 14/40 HPs)
             Began as a Deep Dwarf Berserker on Dec 11, 2021.
             Was a Follower of Trog.
             Quit the game on level 3 of the Dungeon.
             The game lasted 00:10:46 (5218 turns).

spaghetti the Chopper (Deep Dwarf Berserker)        Turns: 5218, Time: 00:10:46

Health: 14/40      AC:  3    Str: 22    XL:     4   Next: 75%
Magic:  4/4        EV: 12    Int:  8    God:    Trog [*.....]
Gold:   147        SH:  4    Dex: 12    Spells: 3/3 levels left

rFire   . . .      SeeInvis .   a - +0 hand axe {axe}
rCold   . . .      Faith    .   e - +0 buckler
rNeg    . . .      Spirit   .   b - +0 animal skin
rPois   .          Reflect  .   (no helmet)
rElec   .          Harm     .   l - +0 cloak
rCorr   .          Rampage  .   (no gloves)
Will    .....                   (no boots)
Stlth   +.........              (no amulet)
HPRegen 0.00/turn               (no ring)
MPRegen 0.09/turn               (no ring)

@: no status effects
A: damage resistance, heal wounds, sense surroundings 1, no regeneration
a: Heal Wounds, Renounce Religion, Berserk


You were on level 3 of the Dungeon.
You worshipped Trog.
Trog was aware of your devotion.
You visited 1 branch of the dungeon, and saw 3 of its levels.

You collected 147 gold pieces.


Innate Abilities, Weirdness & Mutations

You are resistant to damage.
You can heal yourself by infusing magical energy.
You passively map a small area around you.
You do not regenerate.


   Skills:
 - Level 2.6 Fighting
 + Level 4.8 Axes
 + Level 2.0 Throwing
 - Level 2.1 Armour
 - Level 2.1 Dodging
 + Level 2.1 Shields


You had 3 spell levels left.
You didn't know any spells.
Your spell library contained the following spells:

 Spells                   Type           Power      Damage    Failure   Level
 Gell's Gravitas          Tloc           0%         N/A       86%         3
 Lesser Beckoning         Tloc           0%         N/A       86%         3
 Teleport Other           Tloc           0%         N/A       86%         3
 Olgreb's Toxic Radiance  Pois           0%         N/A       99%         4
 Ozocubu's Refrigeration  Ice            0%         4d5       100%        7
 Ignition                 Fire           0%         3d3       100%        8

Inventory:

Hand Weapons
 a - a +0 hand axe (weapon) {axe}
 c - a +4 dagger {short}
   (You took it off a goblin on level 1 of the Dungeon)
Missiles
 d - 53 stones (quivered) {throwing}
 h - 48 arrows
 i - 4 poisoned darts {throwing}
 k - 23 sling bullets
Armour
 b - a +0 animal skin (worn)
 e - a +0 buckler (worn)
   (You found it on level 1 of the Dungeon)
 l - a +0 cloak (worn)
   (You found it on level 3 of the Dungeon)
Magical Staves
 j - a staff of air {forbidden!astaff}
   (You found it on level 2 of the Dungeon)
Scrolls
 f - 2 scrolls of fear {unknown}
 g - a scroll of enchant weapon {unknown}
 m - a scroll of identify {unknown}
 n - a scroll of enchant armour {unknown}

Dungeon Overview and Level Annotations

Branches:
Dungeon (3/15)

Altars:

, ,, ,* ######### .. #. , , ,
#........ ... #.# , #........
...# .. * ####### #........
#....., , ......# #........ *
#...#. ** #.....####........
#..... #####...........โ€ .....
#.....###....@.#*#####<.......
โ‰ˆ #....รท..)...### ##...####
โ‰ˆ#..####.###############...##
* * #...##...............#
*#......#........#####.....##
#.######.........##...#....## ,
#..######...#.####....# *
....## ##>.#.# #..#.# #..#., ##
#..#.####..#..


There were no monsters in sight!


Message History

Aim: a bat (42% to hit)
You throw a stone {throwing}. The stone {throwing} hits the bat.
The bat hits you.
Throw: 46 stones {throwing}
Press: ? - help, Q - select action, (/) - cycle Shift-Dir - straight line, f/p - bat
Aim: a bat (severely wounded, 42% to hit)
You throw a stone {throwing}.
The stone {throwing} hits the bat but does no damage.
A bat zombie comes into view.
The bat hits you but does no damage.
Throw: 45 stones {throwing}
Press: ? - help, Q - select action, (/) - cycle Shift-Dir - straight line, f/p - bat
Aim: a bat (severely wounded, 42% to hit)
You throw a stone {throwing}.
The stone {throwing} closely misses the bat.
The bat hits you but does no damage.
You are too injured to fight recklessly!
The bat closely misses you. You block the bat zombie's attack.
You see here a stone {throwing}.
You hit the bat.
You kill the bat!
Trog accepts your kill.
You barely miss the bat zombie. The bat zombie misses you.
You block the bat zombie's attack.
The bat zombie hits you but does no damage.
Your Throwing skill increases to level 2!
You slash the bat zombie! The bat zombie hits you.
The bat zombie hits you but does no damage.
You block the bat zombie's attack.
You barely miss the bat zombie.
The bat zombie hits you but does no damage.
The bat zombie closely misses you. x2
You hit the bat zombie.
You destroy the bat zombie!
Trog accepts your kill.
d - 45 stones {throwing} (gained 1)
d - 46 stones {throwing} (gained 1)
d - 47 stones {throwing} (gained 1)
d - 48 stones {throwing} (gained 1)
d - 49 stones {throwing} (gained 1)
l - a +0 cloak You start putting on your armour.
You continue putting on your +0 cloak. x4
You finish putting on your +0 cloak.
Unknown command.
d - 50 stones {throwing} (gained 1)
d - 51 stones {throwing} (gained 1)
d - 52 stones {throwing} (gained 1)
Things that are here:
a +0 hand axe {axe}; a +0 scale mail; an orc corpse
d - 53 stones {throwing} (gained 1)
There is a stone staircase leading down here.
A hobgoblin comes into view.
A worm and an orc come into view.
The hobgoblin barely misses you.
You hit the hobgoblin.
You kill the hobgoblin!
Trog accepts your kill.
You see here a hobgoblin corpse.
The orc shouts!
The orc barely misses you.
You slash the orc!
You kill the orc!
Trog accepts your kill. You block the worm's attack.
You see here a +0 morningstar {mace}.
You hit the worm. The worm bites you.
* * * LOW HITPOINT WARNING * * *
๐Ÿ˜จ HP[-4]
You take 4 damage, and now have 20/40 hp.
You hit the worm but do no damage. You hit the worm. The worm bites you.
* * * LOW HITPOINT WARNING * * *
๐Ÿ˜จ HP[-5]
You take 5 damage, and now have 15/40 hp.
A red film seems to cover your vision as you go berserk!
You feel yourself moving faster!
You feel mighty! The worm bites you.
* * * LOW HITPOINT WARNING * * *
๐Ÿ˜จ HP[+6]
You now have 60 max hp (+20).
You regained 6 hp, and now have 21/60 hp.
You barely miss the worm. You slice the worm!!
You kill the worm!
Trog accepts your kill.
You feel a strong urge to attack something.
You feel your anger nearly subside.
You are no longer berserk.
You are exhausted.
You feel yourself slow down.
n - a scroll labelled FIUZXE CILAO ๐Ÿ˜จ HP[-7]
You now have 40 max hp (-20).
Unknown command.
You start waiting.
You feel yourself speed up.
You recover from your berserk rage.
Done waiting.
Unknown command.
You start waiting.
Done waiting.
Are you sure you want to abandon this character and quit the game? (Confirm with "yes".)

Skill      XL: |  1  2  3  4 |
---------------+-------------+-----
Axes           | 4 |  4.8
Throwing       | 1 2 |  2.0
Shields        | 1 2 |  2.1
Fighting       | |  2.6
Armour         | |  2.1
Dodging        | |  2.1

Action                   |  1- 3 |  4- 6 || total
-------------------------+-------+-------++-------
Melee: Hand axe          |   107 |    55 ||   162
Throw: Stone             |       |    10 ||    10
Invok: Berserk           |    16 |     3 ||    19
 Abil: Heal Wounds       |       |     2 ||     2
  Use: Potion            |       |     2 ||     2
Armor: Animal skin       |    28 |    12 ||    40
Dodge: Dodged            |    89 |    40 ||   129
Block: Buckler           |     4 |     7 ||    11

Levels and vault maps discovered:
D:1:      lightli_arrival_quake, layout_basic, basic_ecumenical_altar
D:2:      layout_rooms, minmay_misc_feat_roman, minmay_tromino_v7
D:3:      layout_rooms, lemuel_zombie_altar_kikubaaqudgha

Notes
Turn   | Place    | Note
-------+----------+-------------------------------------------
     0 | D:1      | spaghetti the Deep Dwarf Berserker began the quest for the
                  | Orb.
     0 | D:1      | Reached XP level 1. HP: 20/20 MP: 1/1
     0 | D:1      | magus.rc [v1.9.6]
    68 | D:1      | You pick up a book of Displacement {forbidden} and begin
                  | reading...
    68 | D:1      | You add the spells Lesser Beckoning, Gell's Gravitas and
                  | Teleport Other to your library.
   535 | D:1      | Reached XP level 2. HP: 17/27 MP: 2/2
   569 | D:1      | Reached skill level 4 in Axes
  1464 | D:1      | Found a faded altar of an unknown god.
  1478 | D:1      | Reached skill level 1 in Throwing
  1481 | D:1      | Reached XP level 3. HP: 14/33 MP: 3/3
  2433 | D:2      | Reached * piety under Trog
  2434 | D:2      | Reached skill level 1 in Shields
  2666 | D:2      | You add the spells Olgreb's Toxic Radiance, Ozocubu's
                  | Refrigeration and Ignition to your library.
  3463 | D:2      | Reached XP level 4. HP: 22/40 MP: 4/4
  3626 | D:2      | HP: 10/40 [adder (1)]
  4323 | D:2      | HP: 10/40 [gnoll (8)]
  4455 | D:3      | HP: 3/60 [gnoll (13)]
  4818 | D:3      | Reached skill level 2 in Shields
  4939 | D:3      | Reached skill level 2 in Throwing
  5218 | D:3      | Quit the game

Vanquished Creatures
  2 gnolls (D:2)
  2 adders (D:2)
  A worm (D:3)
  2 dart slugs
  2 orcs (D:3)
  5 bats
  A bat zombie (D:3)
  6 endoplasms
  4 giant cockroaches
  9 goblins
  7 hobgoblins
  7 jackals
  5 kobolds
  2 quokkas
  5 ball pythons
  2 frilled lizards
  4 rats
66 creatures vanquished.

Table legend:
 A = Non-vault XP
 B = Vault XP
 C = Vault XP percentage of total XP
 D = Non-vault monster count
 E = Vault monster count
 F = Vault count percentage of total count
                 A         B        C        D         E       F
            +---------+---------+-------+---------+---------+-------
      Total |     166 |       6 |   3.5 |      63 |       3 |   4.5
            +---------+---------+-------+---------+---------+-------
        D:1 |      52 |       0 |   0.0 |      28 |       0 |   0.0
        D:2 |      85 |       4 |   4.5 |      20 |       2 |   9.1
        D:3 |      29 |       2 |   6.5 |      15 |       1 |   6.2
            +---------+---------+-------+---------+---------+-------

Illustrated notes

Table legend:
 A = Kills in this place as a percentage of kills in entire the game.
 B = Kills by you in this place as a percentage of kills by you in the entire game.
 C = Kills by friends in this place as a percentage of kills by friends in the entire game.
 D = Other kills in this place as a percentage of other kills in the entire game.
 E = Experience gained in this place as a percentage of experience gained in the entire game.
 F = Experience gained in this place divided by the number of levels of this place that you have seen.
                   A       B       C       D       E      F
               +-------+-------+-------+-------+-------+----------------------
         Total | 100.0 | 100.0 |   N/A |   N/A | 100.0 |  57.3
       Dungeon | 100.0 | 100.0 |   N/A |   N/A | 100.0 |  57.3
               +-------+-------+-------+-------+-------+----------------------

Table legend: (Time is in decaauts)
 A = Elapsed time spent in this place.
 B = Non-inter-level travel time spent in this place.
 C = Inter-level travel time spent in this place.
 D = Time resting spent in this place.
 E = Time spent auto-exploring this place.
 F = Levels seen in this place.
 G = Mean time per level.
                   A        B        C        D        E       F      G
               +--------+--------+--------+--------+--------+-----+--------+
         Total |   5434 |   5295 |    139 |   3803 |    967 |   3 | 1811.3 |
       Dungeon |   5434 |   5295 |    139 |   3803 |    967 |   3 | 1811.3 |
               +--------+--------+--------+--------+--------+-----+--------+

Top non-repeatable levels by time:
     D:2: 2446 daAuts
     D:1: 2297 daAuts
     D:3: 691 daAuts
